 Dungeon Crawl Stone Soup version 0.26-a0-651-gb41185065b (webtiles) character file.

Game seed: 4009575682500861968

190 Irenicus the Geomancer (level 5, -7/42 HPs)
             Began as a Deep Dwarf Earth Elementalist on Oct 10, 2020.
             Was an Initiate of Makhleb.
             Killed by divine providence
             ... invoked by an orc priest
              (13 damage)
             ... on level 3 of the Dungeon.
             The game lasted 00:07:03 (1096 turns).

Irenicus the Geomancer (DDEE)                       Turns: 1096, Time: 00:07:03

Health: -7/42      AC:  1    Str: 11    XL:     5   Next: 41%
Magic:  0/7        EV: 12    Int: 17    God:    Makhleb [......]
Gold:   91         SH:  0    Dex: 13    Spells: 4/7 levels left

rFire    . . .     SeeInvis .   h - +0 whip (elec)
rCold    . . .     Faith    .   (no shield)
rNeg     . . .     Spirit   .   c - +0 robe
rPois    .         Reflect  .   (no helmet)
rElec    .         Harm     .   (no cloak)
rCorr    .         Rampage  .   (no gloves)
MR       .....     Clarity  +   (no boots) Stlth ++........Rnd*Tele +
                                (no amulet)
HPRegen  0.00/turn              i - ring of teleportation (curse) {+/*tele, !d}
MPRegen  0.10/turn              (no ring)

@: mighty, non-regenerating
A: damage resistance, heal wounds, clarity, deformed body, deterioration 1,
sense surroundings 1, no regeneration
a: Heal Wounds, Renounce Religion


You were on level 3 of the Dungeon.
You worshipped Makhleb.
Makhleb was noncommittal.
You visited 1 branch of the dungeon, and saw 3 of its levels.

You collected 91 gold pieces.

Inventory:

Hand Weapons
 h - a +0 whip of electrocution (weapon)
   (You took it off a kobold on level 1 of the Dungeon)
Missiles
 b - 70 stones (quivered)
Armour
 c - a +0 robe (worn)
Jewellery
 i - a cursed ring of teleportation (left hand) {+/*tele, !d}
   (You found it on level 2 of the Dungeon)
 j - an uncursed ring of see invisible {unknown}
   (You found it on level 2 of the Dungeon)
Scrolls
 a - 2 scrolls of fog {unknown}
 d - a scroll of random uselessness {unknown}
 f - a scroll of magic mapping {!r}
 n - a scroll of identify {unknown}
Potions
 g - a potion of resistance {unknown}
 k - a potion of haste {unknown}
 m - a potion of heal wounds {unknown}


   Skills:
 - Level 2.1 Dodging
 - Level 2.4 Stealth
 - Level 1.7 Spellcasting
 - Level 0.8 Transmutations
 + Level 8.2 Earth Magic


You had 4 spell levels left.
You knew the following spells:

 Your Spells              Type           Power        Failure   Level
a - Sandblast             Erth           ####..       1%          1
w - Passwall              Tmut/Erth      ###.....     4%          2

Your spell library contained the following spells:

 Spells                   Type           Power        Failure   Level
 Stone Arrow              Conj/Erth      ###...       11%         3
 Petrify                  Tmut/Erth      ###.....     30%         4
 Lee's Rapid Deconstruct  Erth           ####......   19%         5


Dungeon Overview and Level Annotations

Branches:
Dungeon (3/15)

Altars:
Elyvilon
Gozag
Makhleb
Qazlal
Yredelemnul


Innate Abilities, Weirdness & Mutations

You are resistant to damage.
You can heal yourself by infusing magical energy.
You passively map a small area around you.
You do not regenerate.
You possess an exceptional clarity of mind.
Armour fits poorly on your strangely shaped body.
Your body sometimes deteriorates upon taking damage.


Message History

You have reached level 5!
b - 75 stones The orc priest begins to cast a cantrip, but forgets the words!
You regained 2 hp, and now have 18/42 hp.
You now have 3/7 mp.
Casting: Sandblast (safe; 1% risk of failure)
Confirm with . or Enter, or press ? or * to list all spells.
Aiming: Sandblast (safe; 1% risk of failure)
Press: ? - help, Shift-Dir - straight line, f - orc wizard
Aim: an orc wizard, wielding a +0 dagger and wearing a +0 robe The blast of sand hits the orc wizard!
You kill the orc wizard!
Makhleb accepts your kill.
b - 74 stones You now have 2/7 mp.
Casting: Sandblast (safe; 1% risk of failure)
Confirm with . or Enter, or press ? or * to list all spells.
Aiming: Sandblast (safe; 1% risk of failure)
Press: ? - help, Shift-Dir - straight line, f - orc priest
Aim: an orc priest, wielding a +0 hand axe and wearing a +0 ring mail The blast of sand hits the orc priest!
The orc priest is heavily wounded.
b - 73 stones The orc priest calls upon Beogh to heal the orc priest.
The orc priest is healed somewhat.
You now have 1/7 mp.
Casting: Sandblast (safe; 1% risk of failure)
Confirm with . or Enter, or press ? or * to list all spells.
Aiming: Sandblast (safe; 1% risk of failure)
Press: ? - help, Shift-Dir - straight line, f/p - orc priest
Aim: an orc priest, wielding a +0 hand axe and wearing a +0 ring mail (lightly wounded)
The blast of sand hits the orc.
The orc is heavily wounded.
b - 72 stones You now have 1/7 mp.
Casting: Sandblast (safe; 1% risk of failure)
Confirm with . or Enter, or press ? or * to list all spells.
Aiming: Sandblast (safe; 1% risk of failure)
Press: ? - help, Shift-Dir - straight line, f/p - orc priest
Aim: an orc priest, wielding a +0 hand axe and wearing a +0 ring mail (lightly wounded)
Okay, then.
You barely miss the orc.
The orc is heavily wounded.
The orc closely misses you.
The orc priest calls upon Beogh to heal the orc.
The orc's wounds heal themselves!
You hit the orc but do no damage. The orc hits you with a +0 dagger.
Casting: Sandblast (safe; 1% risk of failure)
Confirm with . or Enter, or press ? or * to list all spells.
Aiming: Sandblast (safe; 1% risk of failure)
Press: ? - help, Shift-Dir - straight line, f/p - orc priest
Aim: an orc priest, wielding a +0 hand axe and wearing a +0 ring mail (lightly wounded)
The blast of sand hits the orc priest.
The orc priest is heavily wounded.
b - 71 stones The orc closely misses you.
The orc priest mumbles some strange prayers to Beogh against you.
You struggle to resist.
You now have 0/7 mp.
You barely miss the orc priest.
The orc priest is heavily wounded.
The orc hits you but does no damage. The orc priest misses you.
The orc priest hits you but does no damage.
You barely miss the orc priest.
The orc priest is heavily wounded.
The orc closely misses you.
The orc priest hits you but does no damage.
The orc priest hits you with a +0 hand axe!
* * * LOW HITPOINT WARNING * * *
The orc hits you with a +0 dagger.
* * * LOW HITPOINT WARNING * * *
You take 7 damage, and have 11/42 hp.
It was a potion of might.
You feel very mighty all of a sudden. The orc priest closely misses you.
The orc misses you. The orc priest barely misses you.
You completely miss the orc priest.
The orc priest is heavily wounded.
The orc priest barely misses you. The orc hits you with a +0 dagger.
The orc priest calls down the wrath of Beogh upon you.
You struggle to resist.
You hit the orc priest.
Lightning courses through the orc priest!
You kill the orc priest!
Makhleb accepts your kill.
Your Earth Magic skill increases to level 8!
The orc priest hits you with a +0 falchion.
* * * LOW HITPOINT WARNING * * *
The orc hits you but does no damage.
You take 5 damage, and have 6/42 hp.
Casting: Sandblast (safe; 1% risk of failure)
Confirm with . or Enter, or press ? or * to list all spells.
Press: ? - help, Shift-Dir - straight line, f - orc priest
Aim: an orc priest, wielding a +0 falchion The blast of sand hits the orc priest!
The orc priest is almost dead.
b - 70 stones The orc priest invokes the aid of Beogh against you.
Beogh smites you!
You die...

#......####..# ***
#........##.###..
#................
#.........##..... ,
#......##.# ....#* *
#......##.# ....#
####......#*...#
#....####...#### *
#..)@##.>.......,
####..oo##.........
#..........oo......
#..........o)......
,
#.....)...#........
#.........#........
,
#.........#........
,
#.........#........
##.........#........


You could see an orc priest and an orc.

Vanquished Creatures
  An ogre (D:3)
  An orc priest (D:3)
  An orc wizard (D:3)
  An adder (D:2)
  A dart slug (D:3)
  A leopard gecko (D:1)
  An orc (D:3)
  A ball python (D:2)
  5 giant cockroaches
  4 goblins
  6 hobgoblins
  9 bats
  3 frilled lizards
  5 kobolds (D:1)
  9 rats
49 creatures vanquished.

Notes
Turn   | Place    | Note
-------+----------+-------------------------------------------
     0 | D:1      | Irenicus the Deep Dwarf Earth Elementalist began the quest
                  | for the Orb.
     0 | D:1      | Reached XP level 1. HP: 15/15 MP: 3/3
    17 | D:1      | Found an opulent altar of Gozag.
   156 | D:1      | Reached XP level 2. HP: 13/22 MP: 2/4
   174 | D:1      | Reached skill level 5 in Earth Magic
   364 | D:1      | Reached XP level 3. HP: 15/28 MP: 3/5
   511 | D:2      | Reached skill level 6 in Earth Magic
   533 | D:2      | Found a white marble altar of Elyvilon.
   568 | D:2      | Learned a level 2 spell: Passwall
   644 | D:2      | Found a faded altar of an unknown god.
   715 | D:2      | Found a basalt altar of Yredelemnul.
   776 | D:2      | Found a burning altar of Makhleb.
   792 | D:2      | Became a worshipper of Makhleb the Destroyer
   949 | D:2      | Found a stormy altar of Qazlal.
  1002 | D:3      | Noticed a moth of wrath
  1037 | D:3      | Noticed an ogre
  1042 | D:3      | Killed an ogre
  1042 | D:3      | Reached skill level 7 in Earth Magic
  1042 | D:3      | Reached XP level 4. HP: 16/36 MP: 1/6
  1075 | D:3      | Gained mutation: Armour fits poorly on your strangely
                  | shaped body. [potion of mutation]
  1075 | D:3      | Gained mutation: Your body sometimes deteriorates upon
                  | taking damage. [potion of mutation]
  1075 | D:3      | Gained mutation: You possess an exceptional clarity of
                  | mind. [potion of mutation]
  1078 | D:3      | Reached XP level 5. HP: 18/42 MP: 3/7
  1095 | D:3      | Reached skill level 8 in Earth Magic
  1095 | D:3      | HP: 6/42 [orc priest/+0 falchion (5)]
  1096 | D:3      | Killed from afar by an orc priest

Illustrated notes

Levels and vault maps discovered:
D:1:      dpeg_arrival_water_altar, layout_rooms, minmay_tetromino_i4
D:2:      layout_basic, kennysheep_ying_yang, old_standard_altar,
          bloody_makhleb, chequers_ecumenical_altar_simple_redux,
          grunt_decor_fettered
D:3:      layout_basic, tgw_trog, uniq_sigmund, uniq_ijyb

Skill      XL: |  1  2  3  4  5 |
---------------+----------------+-----
Earth Magic    | 5 7 8 |  8.2
Dodging        | |  2.1
Stealth        | |  2.4
Spellcasting   | |  1.7
Transmutations | |  0.8

Action                   |  1- 3 |  4- 6 || total
-------------------------+-------+-------++-------
Melee: Unarmed           |     6 |       ||     6
       Club              |    17 |       ||    17
       Whip              |    15 |     7 ||    22
 Cast: Sandblast         |    46 |     8 ||    54
       Passwall          |    11 |       ||    11
  Use: Scroll            |     1 |       ||     1
       Potion            |       |     2 ||     2
Armor: Robe              |    21 |       ||    21
Dodge: Dodged            |    62 |     9 ||    71

Table legend: (Time is in decaauts)
 A = Elapsed time spent in this place.
 B = Non-inter-level travel time spent in this place.
 C = Inter-level travel time spent in this place.
 D = Time resting spent in this place.
 E = Time spent auto-exploring this place.
 F = Levels seen in this place.
 G = Mean time per level.
                   A        B        C        D        E       F      G
               +--------+--------+--------+--------+--------+-----+--------+
         Total |   1102 |   1082 |     20 |      0 |      0 |   3 |  367.3 |
       Dungeon |   1102 |   1082 |     20 |      0 |      0 |   3 |  367.3 |
               +--------+--------+--------+--------+--------+-----+--------+

Top non-repeatable levels by time:
     D:2: 548 daAuts
     D:1: 443 daAuts
     D:3: 109 daAuts

Table legend:
 A = Kills in this place as a percentage of kills in entire the game.
 B = Kills by you in this place as a percentage of kills by you in the entire game.
 C = Kills by friends in this place as a percentage of kills by friends in the entire game.
 D = Other kills in this place as a percentage of other kills in the entire game.
 E = Experience gained in this place as a percentage of experience gained in the entire game.
 F = Experience gained in this place divided by the number of levels of this place that you have seen.
                   A       B       C       D       E      F
               +-------+-------+-------+-------+-------+----------------------
         Total | 100.0 | 100.0 |   N/A |   N/A | 100.0 |  90.7
       Dungeon | 100.0 | 100.0 |   N/A |   N/A | 100.0 |  90.7
               +-------+-------+-------+-------+-------+----------------------
